 Dungeon Crawl Stone Soup version 0.31-a0-236-g9a0961fb85 (webtiles) character file.

Game seed: 11420275567017583193

491 qw the Shooter (level 6, -2/52 HPs)
             Began as a Minotaur Hexslinger on July 10, 2023.
             Was an Initiate of Okawaru.
             Slain by Edmund
             ... wielding a +5 flail of pain
              (8 damage)
             ... on level 5 of the Dungeon.
             The game lasted 00:01:39 (4086 turns).

qw the Shooter (Minotaur Hexslinger)                Turns: 4086, Time: 00:01:40

Health: -2/52      AC: 12    Str: 10 (12) XL:     6   Next: 91%
Magic:  6/6        EV: 10    Int:  9 (10) God:    Okawaru [......]
Gold:   201        SH:  0    Dex: 14 (15) Spells: 6/7 levels left

rFire   . . .        Y - +1 sling
rCold   . . .        (no shield)
rNeg    . . .        a - +0 ring mail
rPois   .            e - +2 hat
rElec   .            f - +2 cloak
rCorr   .            n - +1 pair of gloves
SInv    .            (no boots)
Will    .....        (no amulet)
Stlth   +            (no ring)
HPRegen 0.28/turn    (no ring)
MPRegen 0.10/turn

%: no passive effects
@: about to teleport
A: horns 2, retaliatory headbutt
a: Renounce Religion


You were on level 5 of the Dungeon.
You worshipped Okawaru.
Okawaru was noncommittal.
You visited 2 branches of the dungeon, and saw 6 of its levels.

You collected 201 gold pieces.


Innate Abilities, Weirdness & Mutations

You have a pair of horns on your head.
You reflexively headbutt those who attack you in melee.


   Skills:
 - Level 4.2 Fighting
 - Level 7.1 Ranged Weapons
 + Level 1.2 Armour
 - Level 2.1 Dodging
 - Level 1.0 Spellcasting
 - Level 2.0 Hexes


You had 6 spell levels left.
You knew the following spells:

 Your Spells              Type           Power      Damage    Failure   Level
a - Slow                  Hex            16%        N/A       38%         1

Your spell library contained the following spells:

 Spells                   Type           Power      Damage    Failure   Level
 Inner Flame              Hex/Fire       2%         N/A       88%         3
 Portal Projectile        Hex/Tloc       4%         N/A       88%         3
 Cause Fear               Hex            2%         N/A       99%         4

Inventory:

Hand Weapons
 Y - a +1 sling (weapon)
Armour
 a - a +0 ring mail (worn)
 e - a +2 hat (worn)
 f - a +2 cloak (worn)
 n - a +1 pair of gloves (worn)
Scrolls
 b - a scroll of identify
 j - 2 scrolls of teleportation
Potions
 c - a potion of cancellation
 d - a potion of mutation
 g - a potion of enlightenment {unknown}
 h - 2 potions of curing
 k - a potion of heal wounds {unknown}
 m - a potion of might {unknown}

Dungeon Overview and Level Annotations

Branches:
Dungeon (5/15)             Temple (1/1) D:5

Altars:
Ashenzari
Cheibriados
Dithmenos
Elyvilon
Fedhas
Kikubaaqudgha
Nemelex Xobeh
Okawaru
Qazlal
Ru
Sif Muna
Uskayaw
Vehumet
Wu Jian
Zin

Annotations:
D:5 Edmund


Message History

Edmund hits you but does no damage.
You writhe in agony.
Edmund hits you with a +5 flail of pain!
You shoot a sling bullet. The sling bullet hits Edmund.
Edmund is moderately wounded.
Edmund hits you with a +5 flail of pain.
You shoot a sling bullet. The sling bullet hits Edmund!
Edmund is heavily wounded.
Edmund hits you with a +5 flail of pain.
You shoot a sling bullet.
The sling bullet hits Edmund but does no damage.
Edmund is heavily wounded.
Edmund drinks a potion.
Edmund is healed!
You shoot a sling bullet. The sling bullet hits Edmund!
Edmund is heavily wounded.
Edmund hits you with a +5 flail of pain!
You writhe in agony.
Edmund misses you.
You shoot a sling bullet. The sling bullet hits Edmund.
Edmund is heavily wounded.
Edmund barely misses you. You furiously retaliate!
You headbutt Edmund! You shoot a sling bullet. The sling bullet hits Edmund.
Edmund is almost dead.
Edmund hits you with a +5 flail of pain.
You writhe in agony.
You shoot a sling bullet. The sling bullet hits Edmund.
Edmund is almost dead.
Edmund barely misses you.
You shoot a sling bullet.
The sling bullet hits Edmund but does no damage.
Edmund is almost dead.
Edmund hits you with a +5 flail of pain!
You writhe in agony.
4085 ||| READING 3 scrolls of teleportation.
As you read the scroll of teleportation, it crumbles to dust.
You feel strangely unstable.
Edmund hits you with a +5 flail of pain.
You writhe in agony.
You shoot a sling bullet. The sling bullet hits Edmund.
Edmund is almost dead.
Edmund hits you with a +5 flail of pain!
You die...

#...#.%.#.
#........#.###...##
#........#....%....
#...........}..>..}
#........#........?
#........#.###...##
+........#...#.}.#.
###..@.....#...#...#.
#...@......#.........
#..........####....##
#..........# #..#.#
#......##### #..#.#
#......# #..#.#
#....(.########..#.#
#######'##.#...........#
...........#.#######.###
#######.####.# #.#


You could see Edmund.

Vanquished Creatures
  A scorpion (D:5)
  2 hounds (D:5)
  An orc priest (D:3)
  4 iguanas (D:5)
  Ijyb (D:3)
  A gnoll (D:1)
  12 adders
  An ufetubus (D:4)
  6 worms
  2 dart slugs
  4 orcs
  7 endoplasms
  2 giant cockroaches (D:1)
  4 goblins
  7 hobgoblins
  7 kobolds
  5 quokkas
  6 ball pythons
  6 bats
  A frilled lizard (D:2)
  A rat (D:1)
81 creatures vanquished.

Notes
Turn   | Place    | Note
-------+----------+-------------------------------------------
     0 | D:1      | qw the Minotaur Hexslinger began the quest for the Orb.
     0 | D:1      | Reached XP level 1. HP: 16/16 MP: 1/1
     0 | D:1      | 0 ||| qw: Version: 0.3-a-52-g30416fa
     0 | D:1      | 0 ||| qw: Game counter: 4603
     0 | D:1      | 0 ||| qw: Melee chars always use a shield: true
     0 | D:1      | 0 ||| qw: God list: Okawaru
     0 | D:1      | 0 ||| qw: Allow faded altars: false
     0 | D:1      | 0 ||| qw: Do Orc after clearing Dungeon:15 true
     0 | D:1      | 0 ||| qw: Do second Lair branch before Depths: true
     0 | D:1      | 0 ||| qw: Lair rune preference: random
     0 | D:1      | 0 ||| qw: Goals: Normal
     0 | D:1      | 0 ||| PLANNING D:1-11
   170 | D:1      | Reached skill level 3 in Ranged Weapons
   178 | D:1      | Reached XP level 2. HP: 19/23 MP: 2/2
   327 | D:1      | Reached XP level 3. HP: 30/30 MP: 3/3
   493 | D:1      | 493 ||| UPGRADING to +0 leather armour.
   503 | D:1      | 503 ||| DROPPING +0 robe.
   504 | D:1      | 504 ||| READING scroll labelled ONUFFO FORASTUAR.
   509 | D:1      | 509 ||| READING scroll labelled BAQ XAUGOL.
   510 | D:1      | 510 ||| READING 2 scrolls labelled CUGOHU LEPIOSM.
   511 | D:1      | 511 ||| READING scroll labelled BAEBLISAC.
   512 | D:1      | 512 ||| READING scroll labelled VEPOAPNOFI.
   513 | D:1      | 513 ||| DROPPING scroll of poison.
   514 | D:1      | 514 ||| DROPPING scroll of fear.
   636 | D:2      | Reached skill level 4 in Ranged Weapons
   713 | D:2      | Reached XP level 4. HP: 37/37 MP: 4/4
  1086 | D:2      | Reached skill level 5 in Ranged Weapons
  1574 | D:2      | Reached skill level 3 in Fighting
  1648 | D:2      | 1648 ||| UPGRADING to +0 ring mail.
  1658 | D:2      | 1658 ||| UPGRADING to +2 hat.
  1663 | D:2      | 1663 ||| DROPPING +0 leather armour.
  1664 | D:2      | 1664 ||| READING scroll labelled EDYASA DEIPHU.
  1665 | D:2      | 1665 ||| DRINKING 2 golden potions.
  1666 | D:2      | 1666 ||| READING 2 scrolls of identify.
  1666 | D:2      | 1666 ||| IDENTIFYING bubbling amethyst potion
  1667 | D:2      | 1667 ||| DROPPING potion of magic.
  1803 | D:3      | Reached XP level 5. HP: 32/45 MP: 5/5
  1954 | D:3      | Reached skill level 1 in Armour
  2056 | D:3      | Noticed Ijyb
  2065 | D:3      | Killed Ijyb
  2269 | D:3      | 2269 ||| READING scroll labelled DEOZEORHANG.
  2483 | D:4      | Reached skill level 6 in Ranged Weapons
  2654 | D:4      | Found a shimmering blue altar of Sif Muna.
  3033 | D:4      | 3033 ||| UPGRADING to +0 pair of gloves.
  3038 | D:4      | 3038 ||| READING scroll of enchant armour.
  3038 | D:4      | 3038 ||| ENCHANTING +0 pair of gloves.
  3039 | D:4      | 3039 ||| DRINKING 3 fizzy green potions.
  3040 | D:4      | 3040 ||| READING 3 scrolls of identify.
  3040 | D:4      | 3040 ||| IDENTIFYING brown potion
  3041 | D:4      | 3041 ||| READING 2 scrolls of identify.
  3041 | D:4      | 3041 ||| IDENTIFYING fuming cyan potion
  3042 | D:4      | 3042 ||| DROPPING potion of ambrosia.
  3058 | D:5      | Entered Level 5 of the Dungeon
  3102 | D:5      | Reached XP level 6. HP: 44/52 MP: 6/6
  3776 | D:5      | Reached skill level 7 in Ranged Weapons
  3788 | D:5      | Found a staircase to the Ecumenical Temple.
  3789 | D:5      | 3789 ||| PLANNING TEMPLE
  3793 | D:5      | 3793 ||| UPGRADING to +2 cloak.
  3798 | D:5      | 3798 ||| READING scroll labelled OTYNINNIURO.
  3799 | D:5      | 3799 ||| DRINKING 2 fizzy grey potions.
  3800 | D:5      | 3800 ||| DRINKING 4 fizzy cyan potions.
  3801 | D:5      | 3801 ||| DROPPING potion of degeneration.
  3802 | D:5      | 3802 ||| DROPPING 3 potions of brilliance.
  3817 | Temple   | Entered the Ecumenical Temple
  3848 | Temple   | 3848 ||| PLANNING OKAWARU WORSHIP
  3912 | Temple   | Became a worshipper of Warmaster Okawaru
  3913 | Temple   | 3913 ||| PLANNING D:1-11
  4070 | D:5      | Noticed Edmund
  4084 | D:5      | HP: 12/52 [Edmund/+5 flail of pain (9)]
  4085 | D:5      | 4085 ||| READING 3 scrolls of teleportation.
  4085 | D:5      | HP: 5/52 [Edmund/+5 flail of pain (1)]
  4086 | D:5      | Slain by Edmund

Levels and vault maps discovered:
D:1:      nagdon_arrival_double_spiral, layout_rooms
D:2:      cheibrodos_old_hovel, layout_basic, nicolae_wormholes
D:3:      layout_basic, uniq_ijyb
D:4:      minmay_inner_zag, layout_basic, led_sif_pool
D:5:      layout_basic, minmay_temple_entry_junction_2, uniq_edmund
Temple:   nicolae_temple_great_sept

Skill      XL: |  1  2  3  4  5  6 |
---------------+-------------------+-----
Ranged Weapons | 3 4 5 6 7 |  7.1
Fighting       | 2 3 4 |  4.2
Armour         | 1 |  1.2
Dodging        | |  2.1
Spellcasting   | |  1.0
Hexes          | |  2.0

Action                     |  1- 3 |  4- 6 || total
---------------------------+-------+-------++-------
   Fire: Sling             |    82 |   292 ||   374
    Use: Scroll            |     5 |     8 ||    13
         Potion            |       |     4 ||     4
 Armour: Robe              |     6 |       ||     6
         Leather armour    |     8 |     6 ||    14
         Ring mail         |       |    39 ||    39
  Dodge: Dodged            |    31 |    98 ||   129

Table legend:
 A = Non-vault XP
 B = Vault XP
 C = Vault XP percentage of total XP
 D = Non-vault monster count
 E = Vault monster count
 F = Vault count percentage of total count
                 A         B        C        D         E       F
            +---------+---------+-------+---------+---------+-------
      Total |     608 |      94 |  13.4 |      69 |      12 |  14.8
            +---------+---------+-------+---------+---------+-------
        D:1 |      48 |       0 |   0.0 |      19 |       0 |   0.0
        D:2 |     128 |      16 |  11.1 |      26 |       4 |  13.3
        D:3 |      62 |      36 |  36.7 |       9 |       1 |  10.0
        D:4 |      37 |      42 |  53.2 |       6 |       7 |  53.8
        D:5 |     333 |       0 |   0.0 |       9 |       0 |   0.0
            +---------+---------+-------+---------+---------+-------
